 Dungeon Crawl Stone Soup version 0.31.0-11-ge490571c62 (webtiles) character file.

Game seed: 4054820638614308514

31631 HaleSumoOx the Covert (level 13, -5/63 HPs)
             Began as a Gargoyle Earth Elementalist on Jan 28, 2024.
             Was an Elder of Vehumet.
             Slain by a fire crab (7 damage)
             ... on level 10 of the Dungeon.
             The game lasted 01:35:23 (18467 turns).

HaleSumoOx the Covert (GrEE)                       Turns: 18467, Time: 01:35:24

Health: -5/63      AC: 21    Str: 11    XL:     13   Next: 59%
Magic:  10/27      EV: 15    Int: 22    God:    Vehumet [****..]
Gold:   521        SH: 11    Dex: 14    Spells: 5/32 levels left

rFire   . . .        N - +7 short sword "Wenaet" {spect, rN+ Dex+4}
rCold   + . .        H - +1 buckler
rNeg    + + .        G - +0 ring mail of Honesty {rElec}
rPois   ∞            T - +0 helmet
rElec   +            (no cloak)
rCorr   .            p - +0 pair of gloves
SInv    .            W - +0 pair of boots
Will    .....        D - amulet of reflection
Stlth   +++++        l - ring of protection from cold
HPRegen 0.30/turn    B - +5 ring of evasion
MPRegen 0.20/turn

%: reflection
@: no status effects
A: sickness immunity, AC +9, negative energy resistance 1, electricity
resistance, torment resistance 1, petrification resistance, iridescent scales 1
a: Renounce Religion


You were on level 10 of the Dungeon.
You worshipped Vehumet.
Vehumet was greatly pleased with you.
You visited 4 branches of the dungeon, and saw 17 of its levels.
You also visited: Bailey.

You collected 1184 gold pieces.
You spent 663 gold pieces at shops.

Inventory:

Hand Weapons
 f - a +0 dagger of venom
 h - a +1 dagger of chaos
 n - a +1 flail of protection
 w - a +2 dagger of venom
 N - the +7 short sword "Wenaet" (weapon) {spect, rN+ Dex+4}
   (You found it on level 2 of the Lair of Beasts)

   Dex+4:     It affects your dexterity (+4).
   rN+:       It protects you from negative energy.
 P - a +5 trident of freezing
Missiles
 c - a throwing net
Armour
 a - a +0 robe
 p - a +0 pair of gloves (worn)
 v - a +0 chain mail
 y - an orb of energy
 z - +0 steam dragon scales
 F - a +2 robe of resistance
 G - the +0 ring mail of Honesty (worn) {rElec}
   (You found it in a bailey)

   rElec:     It insulates you from electricity.
 H - a +1 buckler (worn)
 O - a +0 troll leather armour
 T - a +0 helmet (worn)
 W - a +0 pair of boots (worn)
Magical Staves
 x - a staff of conjuration
 E - a staff of earth
Jewellery
 d - an amulet of regeneration
 l - a ring of protection from cold (left hand)
 B - a +5 ring of evasion (right hand)
 D - an amulet of reflection (around neck)
 R - a +6 ring of dexterity
Talismans
 g - a storm talisman
Wands
 A - a wand of iceblast (5)
 I - a wand of mindburst (3)
 K - a wand of polymorph (2)
 Q - a wand of light (2)
 V - a wand of charming (7)
Scrolls
 e - 2 scrolls of amnesia
 i - 2 scrolls of fog
 k - a scroll of blinking
 q - 3 scrolls of poison
 r - 2 scrolls of fear
 s - a scroll of acquirement
 t - 3 scrolls of identify
 C - 5 scrolls of vulnerability
 M - 2 scrolls of teleportation
 U - a scroll of enchant armour
 X - a scroll of summoning
Potions
 b - a potion of might {unknown}
 j - 2 potions of lignification {unknown}
 m - a potion of curing
 u - a potion of mutation
 J - a potion of brilliance {unknown}
 L - 2 potions of invisibility
 S - a potion of degeneration {unknown}


   Skills:
 - Level 6.0 Armour
 - Level 1.5 Dodging
 - Level 14.0 Stealth
 - Level 4.0 Shields
 - Level 10.0 Spellcasting
 - Level 10.0 Conjurations
 + Level 4.8 Summonings
 + Level 5.8 Translocations
 * Level 11.7 Earth Magic


You had 5 spell levels left.
You knew the following spells:

 Your Spells              Type           Power      Damage    Failure   Level
a - Sandblast             Erth           100%       2d20      1%          1
b - Passwall              Erth           58%        N/A       1%          3
c - Brom's Barrelling Bo  Conj/Erth      56%        2d7       1%          4
d - Foxfire               Conj/Fire      100%       2x1d9     1%          1
e - Stone Arrow           Conj/Erth      100%       3d13      1%          3
f - Hailstorm             Conj/Ice       33%        3d8       1%          3
g - Bombard               Conj/Erth      28%        9d5       9%          6
h - Teleport Other        Tloc           36%        N/A       4%          3
i - Gell's Gravitas       Tloc           36%        N/A       4%          3

Your spell library contained the following spells:

 Spells                   Type           Power      Damage    Failure   Level
 Freezing Cloud           Conj/Ice/Air   12%        6-21      32%         5
 Dazzling Flash           Conj/Hex       66%        N/A       1%          3
 Lesser Beckoning         Tloc           72%        N/A       2%          2
 Iskenderun's Battlesphe  Conj           53%        2d10      2%          5
 Mephitic Cloud           Conj/Alch/Air  25%        N/A       4%          3
 Volatile Blastmotes      Fire/Tloc      46%        2d13      4%          3
 Fulminant Prism          Conj/Alch      16%        3d10      7%          4
 Frozen Ramparts          Ice            22%        1d4       16%         3
 Leda's Liquefaction      Alch/Erth      18%        N/A       17%         4
 Petrify                  Alch/Erth      36%        N/A       17%         4
 Olgreb's Toxic Radiance  Alch           11%        N/A       41%         4
 Fugue of the Fallen      Necr           11%        N/A       50%         3
 Anguish                  Hex/Necr       5%         N/A       88%         4
 Metabolic Englaciation   Hex/Ice        5%         N/A       99%         5
 Starburst                Conj/Fire      16%        6d6       63%         6
 Spellforged Servitor     Conj/Summ      21%        N/A       85%         7
 Ozocubu's Refrigeration  Ice            5%         4d8       100%        7
 Discord                  Hex            5%         N/A       100%        8
 Maxwell's Capacitive Co  Air            5%         ∞         100%        8
 Cigotuvi's Dreadful Rot  Necr/Alch/Air  Unusable   N/A       N/A         2

Dungeon Overview and Level Annotations

Branches:
Dungeon (13/15)            Temple (1/1) D:6            Lair (2/5) D:8
 Shoals (0/4) Lair:2          Orc (1/2) D:9          Vaults (0/5) D:13
 Bailey (visited)
  Snake: Lair:2-3    Spider: Lair:2-3

Altars:
Ashenzari
Cheibriados
Dithmenos
Elyvilon
Fedhas
Gozag
Hepliaklqana
Kikubaaqudgha
Makhleb
Nemelex Xobeh
Okawaru
Qazlal
Ru
Sif Muna
Trog
Uskayaw
Vehumet
Wu Jian
Xom
Yredelemnul
Zin
The Shining One

Shops:
D:5 (   D:7 [   D:10 :   D:12 [

Annotations:
D:3 2 transporters, Daviar's ghost, amateur HuDe
D:7 1 transporter, exclusion: ice statue


Innate Abilities, Weirdness & Mutations

You are immune to sickness and miasma.
Your stone body is resilient. (AC +9)
You are immune to poison.
You resist negative energy. (rN+)
You are resistant to electric shocks. (rElec)
You are resistant to unholy torment.
You are immune to petrification.
You are partially covered in iridescent scales. (AC +2)


Message History

You are engulfed in blazing flames.
The brown ugly thing is engulfed in blazing flames.
The fire crab bites you but does no damage.
The fire crab claws you.
You are engulfed in flames!
* * * LOW HITPOINT WARNING * * *
The brown ugly thing misses you.
The fire crab attacks as it pursues you!
You block the fire crab's attack. The fire crab closely misses you.
The fire crab closely misses you.
The fire crab claws you but does no damage.
The ogre mage casts a spell.
The ogre mage flickers and vanishes!
The brown ugly thing closely misses you.
The fire crab attacks as it pursues you!
The fire crab bites you but does no damage.
The fire crab barely misses you.
There is an open door here.
The brown ugly thing attacks as it pursues you!
The brown ugly thing misses you.
Things that are here:
a +0 giant club; a +0 giant club You are no longer corroded.
The brown ugly thing attacks as it pursues you!
The brown ugly thing closely misses you.
The brown ugly thing attacks as it pursues you!
The brown ugly thing punches you!
* * * LOW HITPOINT WARNING * * *
You are splashed with acid!
* * * LOW HITPOINT WARNING * * *
A troll comes into view.
The brown ugly thing punches you but does no damage.
A blink frog comes into view.
The fire crab closely misses you. You block the fire crab's attack.
Something hits you but does no damage.
The brown ugly thing closely misses you.
There is a stone staircase leading down here.
The blink frog changes into a fire crab!
The brown ugly thing completely misses you.
You block the fire crab's attack. The fire crab claws you!
You die...

### #############
##.#################
#........###########
*****#########.########..[
*>,,,#.tu@# ##.########.#.
*,,,,#...t####.########...
*,,,,#....#.....#.........
*,,,,#tt..####..#.........
*********+#'#########.).......#
*,,,,*,,,,#C...#...8##.#####.##
*,,,,*,⌠,,#....#.)..#.#.####.##
*,,,,*,,⌠,#...k#))..####.###.##
###,,,,+,,,,#....t))..#.#........


You could see a brown ugly thing, 3 fire crabs, a fire crab shaped shifter and a
cyclops.

Vanquished Creatures
  Erolcha (D:13)
  2 vault guards (D:13)
  4 two-headed ogres
  A centaur warrior (D:13)
  A boulder beetle (D:11)
  Sonja (D:11)
  The ghost of Skimidon the Mimic, a novice FeCA of Ignis (D:10)
  An arcanist (D:13)
  2 orc knights (Bailey)
  A deep elf pyromancer (D:13)
  2 manticores
  2 cyclopes (D:13)
  2 ugly things
  A black mamba (Lair:1)
  Joseph (D:9)
  The ghost of heinrich the Covert, a novice VSBr of Dithmenos (D:7)
  An unseen horror (D:11)
  2 kobold demonologists
  2 gargoyles
  A komodo dragon (D:8)
  Psyche (D:8)
  4 trolls
  Prince Ribbit (D:9)
  5 slime creatures (D:12)
  2 vampires (D:13)
  A wyvern (D:8)
  5 wraiths
  2 basilisks
  Grum (D:9)
  11 yaks
  A steam dragon (D:6)
  A warg (Orc:1)
  A vampire mosquito (D:13)
  An acid dragon (D:10)
  8 water moccasins
  A black bear (Lair:1)
  An ice beast (D:6)
  14 orc warriors
  2 sky beasts
  An ogre (D:5)
  3 wolves
  5 centaurs
  8 bullfrogs
  5 kobold brigands
  5 scorpions
  A gnoll sergeant (D:7)
  10 wights
  7 killer bees
  4 howler monkeys
  5 jellies
  4 hounds
  3 orc priests
  3 gnoll boudas
  5 orc wizards
  A sleepcap (D:7)
  4 iguanas
  Natasha (thrice) (D:3)
  2 adders
  22 gnolls
  3 shadow imps
  5 white imps
  2 dart slugs
  A ribbon worm (D:2)
  36 orcs
  9 ball pythons
  7 endoplasms
  2 giant cockroaches
  7 goblins
  6 hobgoblins
  20 kobolds
  3 quokkas
  8 bats
  A frilled lizard (D:1)
  5 rats
  A foxfire (Lair:1)
310 creatures vanquished.

Vanquished Creatures (collateral kills)
  A two-headed ogre (D:10)
  A meliai (D:13)
  A yak (D:11)
  A gnoll sergeant (D:10)
  4 kobolds
  45 boulders
  A foxfire (Lair:1)
54 creatures vanquished.

Vanquished Creatures (others)
  A vault guard (D:13)
  A bombardier beetle (D:7)
  51 boulders
  653 foxfires
706 creatures vanquished.

Grand Total: 1070 creatures vanquished

Notes
Turn   | Place    | Note
-------+----------+-------------------------------------------
     0 | D:1      | HaleSumoOx the Gargoyle Earth Elementalist began the quest
                  | for the Orb.
     0 | D:1      | Reached XP level 1. HP: 10/10 MP: 3/3
   198 | D:1      | Reached XP level 2. HP: 12/15 MP: 0/5
   795 | D:1      | Reached XP level 3. HP: 15/19 MP: 1/6
  1500 | D:2      | Reached XP level 4. HP: 24/24 MP: 1/7
  1813 | D:2      | Found a faded altar of an unknown god.
  1828 | D:2      | Reached skill level 3 in Stealth
  1848 | D:2      | Reached skill level 5 in Earth Magic
  2093 | D:2      | Learned a level 3 spell: Passwall
  2098 | D:2      | Learned a level 4 spell: Brom's Barrelling Boulder
  2154 | D:3      | Noticed Natasha
  2160 | D:3      | Killed Natasha
  2161 | D:3      | Reached XP level 5. HP: 27/28 MP: 2/9
  2339 | D:3      | Noticed Natasha
  2351 | D:3      | Killed Natasha
  2580 | D:3      | Noticed Natasha
  2584 | D:3      | Killed Natasha
  2613 | D:3      | Found a transporter.
  2615 | D:3      | Noticed Daviar's ghost (amateur HuDe)
  2778 | D:3      | Got Soiwif's Lectures on the Undead Scorpion
  2980 | D:3      | Found a transporter.
  3348 | D:4      | Found a snail-covered altar of Cheibriados.
  3385 | D:4      | Reached XP level 6. HP: 32/32 MP: 7/10
  3432 | D:4      | Noticed a water moccasin
  3437 | D:4      | Killed a water moccasin
  3438 | D:4      | Reached skill level 4 in Stealth
  3640 | D:4      | Found a hazy altar of Hepliaklqana.
  3850 | D:4      | Identified the +4 trident "Beastslayer" {vamp, rF+ Dex+2
                  | SInv}
  4129 | D:5      | Entered Level 5 of the Dungeon
  4173 | D:5      | Found Xutoodu's Antique Weapon Shoppe.
  4182 | D:5      | Reached XP level 7. HP: 36/36 MP: 7/12
  4298 | D:5      | Found a radiant altar of Vehumet.
  4303 | D:5      | Became a worshipper of Vehumet
  4585 | D:5      | Reached skill level 5 in Stealth
  4585 | D:5      | Reached XP level 8. HP: 41/41 MP: 9/14
  5180 | D:6      | Found a staircase to the Ecumenical Temple.
  5273 | D:6      | Reached skill level 5 in Conjurations
  5510 | Temple   | Entered the Ecumenical Temple
  5656 | D:6      | Reached skill level 6 in Stealth
  5856 | D:6      | Reached skill level 1 in Shields
  5856 | D:6      | Reached XP level 9. HP: 42/45 MP: 14/16
  6033 | D:6      | Identified a scroll of acquirement
  6085 | D:7      | Reached * piety under Vehumet
  6085 | D:7      | Offered knowledge of Foxfire by Vehumet.
  6112 | D:7      | Reached skill level 1 in Translocations
  6114 | D:7      | Reached skill level 5 in Spellcasting
  6238 | D:7      | Found a transporter.
  6309 | D:7      | Found a transporter.
  6310 | D:7      | Noticed heinrich's ghost (novice VSBr)
  6493 | D:7      | Found Jiataph's Antique Armour Emporium.
  6639 | D:7      | Reached skill level 7 in Stealth
  6654 | D:7      | Found a hide-covered altar of Uskayaw.
  6799 | D:7      | Noticed an ice statue
  7029 | D:7      | Learned a level 1 spell: Foxfire
  7086 | D:7      | Learned a level 3 spell: Stone Arrow
  7284 | D:8      | Noticed Psyche
  7299 | D:8      | Noticed a komodo dragon
  7422 | D:8      | Killed Psyche
  7427 | D:8      | Reached XP level 10. HP: 30/50 MP: 13/18
  7456 | D:8      | Reached skill level 10 in Earth Magic
  7470 | D:8      | Offered knowledge of Scorch by Vehumet.
  7499 | D:8      | Found a staircase to the Lair.
  7519 | D:8      | Found a flagged portal.
  7580 | Bailey   | Entered a bailey
  7604 | Bailey   | Reached ** piety under Vehumet
  8096 | Bailey   | Reached skill level 8 in Stealth
  8301 | Bailey   | Noticed an orc knight
  8301 | Bailey   | Noticed an orc knight
  8456 | Bailey   | Killed an orc knight
  8499 | Bailey   | Killed an orc knight
  8533 | Bailey   | Identified the +0 ring mail of Honesty {rElec}
  8566 | Bailey   | Reached skill level 11 in Stealth
  8566 | Bailey   | Reached XP level 11. HP: 54/54 MP: 16/24
  8970 | D:7      | Bought a buckler for 117 gold pieces
  9046 | D:7      | Killed heinrich's ghost
  9051 | D:7      | Offered knowledge of Hailstorm by Vehumet.
  9627 | Lair:1   | Entered Level 1 of the Lair of Beasts
  9661 | Lair:1   | Found a white marble altar of Elyvilon.
  9690 | Lair:1   | Reached skill level 12 in Stealth
 10037 | Lair:1   | Reached skill level 1 in Armour
 10100 | Lair:1   | Reached XP level 12. HP: 59/59 MP: 18/25
 10352 | Lair:2   | Found a staircase to the Shoals.
 10374 | Lair:2   | Identified the +7 short sword "Wenaet" {spect, rN+ Dex+4}
 10453 | Lair:2   | Noticed a skyshark
 10831 | D:8      | Reached *** piety under Vehumet
 11042 | D:9      | Found a staircase to the Orcish Mines.
 11066 | D:9      | Noticed Grum
 11073 | D:9      | Noticed Joseph
 11096 | D:9      | Killed Joseph
 11098 | D:9      | Killed Grum
 11104 | D:9      | Noticed Prince Ribbit
 11109 | D:9      | Killed Prince Ribbit
 11782 | D:9      | Learned a level 3 spell: Hailstorm
 11868 | D:9      | Offered knowledge of Inner Flame by Vehumet.
 12209 | Orc:1    | Entered Level 1 of the Orcish Mines
 12810 | D:10     | Entered Level 10 of the Dungeon
 12866 | D:10     | Found Naasifie's Book Shop.
 12867 | D:10     | Found a runed translucent gate.
 12867 | D:10     | Found a runed translucent gate.
 12867 | D:10     | Found a runed translucent gate.
 13225 | D:10     | Noticed a two-headed ogre
 13232 | D:10     | Killed a two-headed ogre
 13233 | D:10     | Reached skill level 10 in Spellcasting
 13335 | D:10     | Noticed Skimidon's ghost (novice FeCA)
 13346 | D:10     | Killed Skimidon's ghost
 13347 | D:10     | Reached skill level 1 in Summonings
 13482 | D:10     | Reached **** piety under Vehumet
 13567 | D:10     | Noticed an ogre mage
 13701 | D:10     | Bought a book of Power for 546 gold pieces
 13708 | D:10     | Learned a level 6 spell: Bombard
 14246 | D:11     | Noticed Sonja
 14251 | D:11     | Killed Sonja
 14252 | D:11     | Reached skill level 13 in Stealth
 14286 | D:11     | Noticed a boulder beetle
 14388 | D:11     | You fall into a shaft and drop 1 floor!
 14438 | D:12     | Noticed Erolcha
 14612 | D:13     | Killed Erolcha
 14803 | D:13     | Noticed a two-headed ogre
 14817 | D:13     | Killed a two-headed ogre
 14818 | D:13     | Reached skill level 5 in Armour
 14952 | D:13     | Offered knowledge of Freezing Cloud by Vehumet.
 15282 | D:13     | Found a gate to the Vaults.
 15282 | D:13     | Noticed a vault guard
 15282 | D:13     | Noticed a vault guard
 15282 | D:13     | Noticed a vault guard
 15282 | D:13     | Noticed a vault guard
 15291 | D:13     | Noticed a centaur warrior
 15325 | D:13     | Reached skill level 10 in Conjurations
 15332 | D:13     | Reached XP level 13. HP: 43/63 MP: 5/27
 15334 | D:13     | Killed a vault guard
 15432 | D:13     | Killed a vault guard
 15516 | D:13     | Reached skill level 5 in Translocations
 15899 | D:13     | Gained mutation: You are partially covered in iridescent
                  | scales. (AC +2) [potion of mutation]
 16044 | D:12     | Found Ydecs's Armour Boutique.
 16788 | D:12     | Learned a level 3 spell: Teleport Other
 16792 | D:12     | Learned a level 3 spell: Gell's Gravitas
 16835 | D:12     | Found a white marble altar of Elyvilon.
 17325 | D:11     | Found a glowing silver altar of Zin.
 17682 | D:11     | Identified the +9 spear "Qoynutes" {venom, rCorr}
 17972 | D:11     | Reached skill level 14 in Stealth
 18436 | D:10     | a spriggan changed into an entropy weaver
 18436 | D:10     | Noticed an entropy weaver (shapeshifter)
 18453 | D:10     | an entropy weaver changed into a shapeshifter
 18463 | D:10     | HP: 1/63 [acid (8)]
 18467 | D:10     | Slain by a fire crab

Illustrated notes

Levels and vault maps discovered:
D:1:      minmay_arrival_split_and_join, layout_loops_ring
D:2:      layout_basic, ebering_ecumenical_altar_box
D:3:      layout_loops_corners, gammafunk_ghost_arena, uniq_natasha
D:4:      layout_basic, mainiacjoe_overflow_alcove_1, nzn_hepliaklqana_mist_gate
D:5:      layout_cave_pools, mainiacjoe_overflow_boulevard, serial_shops,
          nicolae_shop_scrapyard
D:6:      layout_loops_corners, minmay_temple_entry_slanted
D:7:      layout_loops_cross, overflow_temple_1_default, nzn_ghost_randoct,
          serial_shops, shop, dreamdust_gnoll_shepherd
D:8:      layout_basic, david_lair_shrubbed, enter_bailey_8, serial_demonic,
          serial_demonic_b, serial_demonic_e, serial_demonic_f,
          serial_demonic_b, minmay_fountain_box, uniq_psyche
D:9:      layout_rooms, orc_0_dummy, dk_noncrumbling_3, uniq_grum,
          uniq_prince_ribbit1, uniq_joseph
D:10:     minmay_klotski, layout_loops_ring, ebering_ghost_rock_garden,
          serial_shops, nicolae_book_shop_shelving
D:11:     layout_basic, zin_scriptorium, uniq_sonja
D:12:     layout_loops_ring, serial_shops, shop, grunt_ministairs_10,
          minmay_crystal_water, elyvilon_altar_5, uniq_erolcha
D:13:     layout_irregular_city, lightli_vaults_fourway_checkpoint
Temple:   nicolae_temple_no_exploring_needed
Lair:1:   layout_big_grid, basic_altar, infiniplex_staircase_pool
Lair:2:   layout_roguey, minmay_shoals_entry_beasts,
          ebering_ghost_disaster_area, chequers_serial_rivers_micro_d,
          grunt_megastairs_4, serial_bayou_shore_b
Orc:1:    layout_caves, gammafunk_ghost_stat_death

Skill      XL: |  1  2  3  4  5  6  7  8  9 10 11 12 13 |
---------------+----------------------------------------+-----
Earth Magic    | 4 5 6 7 9 10 11 | 11.7
Conjurations   | 2 3 4 5 6 7 8 10 | 10.0
Stealth        | 3 4 5 6 7 11 12 13 14 | 14.0
Spellcasting   | 3 4 5 9 10 | 10.0
Shields        | 1 3 4 |  4.0
Translocations | 3 4 5 |  5.8
Armour         | 1 5 6 |  6.0
Summonings     | 3 4 |  4.8
Dodging        | |  1.5

Action                     |  1- 3 |  4- 6 |  7- 9 | 10-12 | 13-15 || total
---------------------------+-------+-------+-------+-------+-------++-------
  Melee: Unarmed           |     4 |       |       |       |       ||     4
         Dagger            |     4 |     3 |     4 |    10 |       ||    21
         Short sword       |       |       |       |    13 |    36 ||    49
   Cast: Sandblast         |    57 |    65 |   155 |    67 |     4 ||   348
         Brom's Barrelling |       |       |     2 |    80 |    29 ||   111
         Foxfire           |       |       |       |   352 |    37 ||   389
         Stone Arrow       |       |       |       |    17 |    64 ||    81
         Passwall          |       |       |       |     4 |       ||     4
         Hailstorm         |       |       |       |     6 |     2 ||     8
         Bombard           |       |       |       |     1 |     1 ||     2
         Gell's Gravitas   |       |       |       |       |     2 ||     2
         Teleport Other    |       |       |       |       |     1 ||     1
  Evoke: Wand              |       |       |     3 |    18 |     3 ||    24
    Use: Scroll            |       |       |     7 |    17 |     2 ||    26
         Potion            |       |       |     1 |     4 |     7 ||    12
   Stab: Sleeping          |       |       |     1 |       |       ||     1
         Distracted        |       |       |       |       |     1 ||     1
 Armour: Robe              |    17 |     9 |    51 |       |       ||    77
         Steam dragon scal |       |       |    33 |    15 |       ||    48
         Ring mail         |       |       |       |   103 |    84 ||   187
  Dodge: Dodged            |    23 |    10 |    63 |   134 |    43 ||   273
  Block: Other             |       |       |     2 |    15 |       ||    17
         Reflection        |       |       |       |     7 |     5 ||    12
         Buckler           |       |       |       |    63 |    50 ||   113
